 Dungeon Crawl Stone Soup version 0.21.1-1-g345015f (webtiles) character file.

18262 troglodite the Fighter (level 12, -18/99 HPs)
             Began as a Demonspawn Berserker on June 7, 2018.
             Was a High Priest of Trog.
             Demolished by a two-headed ogre
             ... wielding a cursed -3 giant club
              (21 damage)
             ... on level 2 of the Orcish Mines.
             The game lasted 00:41:54 (13066 turns).

troglodite the Fighter (Demonspawn Berserker)      Turns: 13066, Time: 00:41:55

Health: -18/99     AC: 18    Str: 18    XL:     12   Next: 26%
Magic:  0/12       EV:  7    Int:  9    God:    Trog [*****.]
Gold:   608        SH: 12    Dex: 20    Spells: 11/11 levels left

rFire    + . .     SeeInvis .   n - +3 scimitar (flame)
rCold    . . .     Gourm    .   B - +0 shield
rNeg     + . .     Faith    .   L - +0 plate armour {rF+}
rPois    .         Spirit   +   (helmet unavailable)
rElec    .         Reflect  .   H - scarf {cloud immunity}
rCorr    .         Harm     .   I - +1 pair of gloves {Dex+3}
MR       +....                  p - +0 pair of boots
Stlth    ..........             C - amulet of guardian spirit
HPRegen  2.26/turn              O - ring of protection from magic
MPRegen  0.13/turn              f - ring of positive energy

@: lethally poisoned (-18 -> -18), berserk cooldown, slowed, very slow
A: horns 3, rugged brown scales 1, powered by death 2
a: Berserk, Trog's Hand, Brothers in Arms, Burn Spellbooks, Renounce Religion


You were on level 2 of the Orcish Mines.
You worshipped Trog.
Trog was extremely pleased with you.
You were not hungry.

You visited 2 branches of the dungeon, and saw 14 of its levels.

You collected 769 gold pieces.
You spent 161 gold pieces at shops.

Inventory:

Hand Weapons
 a - a +0 falchion
 n - a +3 scimitar of flaming (weapon)
Armour
 o - a +0 cloak
 p - a +0 pair of boots (worn)
 B - a +0 shield (worn)
 H - a scarf of cloud immunity (worn)
 I - a +1 pair of gloves of dexterity (worn)
 L - a +0 plate armour of fire resistance (worn)
Jewellery
 f - a ring of positive energy (right hand)
 q - an uncursed ring of see invisible
 v - an uncursed ring of protection from fire
 C - an amulet of guardian spirit (around neck)
 D - an uncursed ring of fire
 O - a ring of protection from magic (left hand)
Wands
 d - a wand of polymorph (7)
 y - a wand of iceblast (7)
 G - a wand of paralysis (15)
 J - a wand of clouds (6)
Scrolls
 e - 5 scrolls of remove curse
 i - 3 scrolls of fear
 r - a scroll of enchant armour
 u - a scroll of teleportation
 w - a scroll of random uselessness
 x - 3 scrolls of enchant weapon
 F - 3 scrolls of immolation
 P - a scroll of magic mapping {unknown}
Potions
 b - 2 potions of agility
 g - 4 potions of heal wounds
 h - 4 potions of might
 j - a potion of berserk rage
 k - 3 potions of brilliance
 l - 9 potions of curing
 m - a potion of resistance
 z - 2 potions of magic
 A - a potion of invisibility
 E - 2 potions of ambrosia {unknown}
 M - a potion of lignification {unknown}
Comestibles
 c - 11 rations


   Skills:
 * Level 10.0 Fighting
   Level 5.3(7.7) Short Blades
 + Level 8.8(9.4) Long Blades
   Level 1.8 Maces & Flails
 * Level 9.1 Armour
 + Level 5.3 Dodging
 - Level 0.6 Stealth
 * Level 8.2 Shields


You had 11 spell levels left.
You didn't know any spells.

Dungeon Overview and Level Annotations

Branches:
Dungeon (12/15)            Temple (0/1) D:7            Lair (0/6) D:8
    Orc (2/2) D:10
    Elf: Orc:2

Altars:
Dithmenos
Fedhas
Kikubaaqudgha
Makhleb
Qazlal
Ru
Sif Muna
Trog
Xom
Yredelemnul
Zin

Shops:
D:4 *   D:6 *   D:7 [   Orc:2 (:


Innate Abilities, Weirdness & Mutations

You have a pair of large horns on your head.
You are partially covered in rugged brown scales. (AC +1, +3% HP)
You regenerate health from kills.


Message History

You hear the distant roaring of an enraged dragon.
It was a scroll of random uselessness.
You feel sick.
The two-headed ogre shouts in stereo!
You hear a shout! x3
The two-headed ogre completely misses you.
You block the two-headed ogre's attack.
An ogre and 2 ogre magi come into view.
As you read the scroll labeled IMMUUDD TUTSAE, it crumbles to dust.
The scroll dissolves into smoke.
It was a scroll of fog.
You feel sick.
You block the two-headed ogre's attack. x2; You block the ogre's attack.
The two-headed ogre hits you with a giant club.
* * * LOW HITPOINT WARNING * * *
The two-headed ogre barely misses you.
The ogre mage points at the two-headed ogre and mumbles some strange words.
The two-headed ogre seems to speed up.
The ogre hits you with a giant club.
* * * LOW HITPOINT WARNING * * *
The ogre closely misses you.
You riposte.
Your shield and plate armour prevent you from hitting the ogre.
The two-headed ogre hits you but does no damage.
The two-headed ogre hits you with a giant club!!
You die...

## .##
..####
..... ....
##..##
##OO..##
#O@O§..#
#OOOO..#
#§.OOO...#
#.OOO.O..#
#....O...#
#.O.OOO..#
#..OO....#
....∩O....


You could see 8 two-headed ogres, 4 ogre magi and 11 ogres.

Vanquished Creatures
  Erolcha (Orc:1)
  A hydra (D:10)
  Erica (Orc:1)
  A two-headed ogre (D:8)
  A centaur warrior (D:9)
  An orc high priest (Orc:1)
  Nergalle (Orc:1)
  The ghost of doot the Chopper, a novice DsAK of Lugonu (D:8)
  A manticore (D:11)
  2 cyclopes
  A centaur zombie (D:11)
  A kobold demonologist (D:11)
  An efreet (D:8)
  5 trolls
  2 hippogriffs
  A wraith (D:11)
  2 yaks
  A human (D:8)
  2 hungry ghosts (D:9)
  A basilisk (D:8)
  5 wargs
  Edmund (D:4)
  Duvessa (D:4)
  A water moccasin (D:7)
  4 ice beasts
  A black bear (D:9)
  17 orc warriors
  3 sky beasts
  2 eyes of draining
  2 hornet zombies (D:10)
  5 ogres
  3 phantoms
  The ghost of Ethylacetat the Slasher, an amateur DsCK of Xom (D:3)
  6 centaurs
  A crocodile (D:8)
  2 big kobolds
  5 bullfrogs
  2 gnoll sergeants
  Dowan (D:4)
  2 wyvern skeletons
  7 scorpions
  5 killer bees
  4 wights (D:11)
  3 electric eels
  2 howler monkeys (D:6)
  8 crimson imps
  Crazy Yiuf (D:3)
  19 orc priests
  A bullfrog skeleton (D:4)
  A bullfrog zombie (D:5)
  2 centaur skeletons
  4 jellies
  A gnoll shaman (D:7)
  6 hounds
  13 orc wizards
  Jessica (D:2)
  3 iguanas
  9 worker ants
  2 killer bee zombies
  2 hound skeletons
  2 worker ant zombies
  Robin (D:4)
  15 gnolls
  8 adders
  3 shadow imps
  3 adder skeletons
  2 dart slugs (D:3)
  2 leopard geckos
  54 orcs
  2 ball pythons
  2 giant cockroaches (D:4)
  19 goblins
  9 hobgoblins
  4 jackals (D:1)
  A quokka (D:5)
  6 bats
  4 frilled lizards
  15 kobolds
  A leopard gecko skeleton (D:4)
  A quokka skeleton (D:7)
  A quokka zombie (D:5)
  4 rats (D:1)
346 creatures vanquished.

Vanquished Creatures (others)
  An orc (D:10)
1 creature vanquished.

Grand Total: 347 creatures vanquished

Notes
Turn   | Place    | Note
-------+----------+-------------------------------------------
     0 | D:1      | troglodite the Demonspawn Berserker began the quest for the Orb.
     0 | D:1      | Reached XP level 1. HP: 18/18 MP: 1/1
   164 | D:1      | Gained mutation: You regenerate a little health from kills. [demonic ancestry]
   164 | D:1      | Reached XP level 2. HP: 23/24 MP: 2/2
   277 | D:1      | Reached ** piety under Trog
   568 | D:2      | Gained mutation: You have a pair of small horns on your head. [demonic ancestry]
   568 | D:2      | Reached XP level 3. HP: 29/29 MP: 3/3
   804 | D:2      | Noticed Jessica
   815 | D:2      | Killed Jessica
   815 | D:2      | Reached XP level 4. HP: 37/37 MP: 4/4
  1120 | D:3      | Found a bloodstained altar of Trog.
  1313 | D:3      | Reached skill level 4 in Fighting
  1316 | D:3      | Reached XP level 5. HP: 42/42 MP: 5/5
  1465 | D:3      | Found a sacrificial altar of Ru.
  1517 | D:3      | Found a glowing silver altar of Zin.
  1517 | D:3      | Found a basalt altar of Yredelemnul.
  1553 | D:3      | Noticed Ethylacetat's ghost (amateur DsCK)
  1564 | D:3      | Killed Ethylacetat's ghost
  1629 | D:3      | Reached *** piety under Trog
  1648 | D:3      | Found an ancient bone altar of Kikubaaqudgha.
  1731 | D:3      | Found a runed door.
  1861 | D:3      | Found a shadowy altar of Dithmenos.
  1943 | D:3      | Noticed Crazy Yiuf
  1982 | D:3      | Killed Crazy Yiuf
  2107 | D:4      | Noticed an ogre
  2114 | D:4      | Killed an ogre
  2114 | D:4      | Gained mutation: You are partially covered in rugged brown scales. (AC +1, +3% HP) [demonic ancestry]
  2114 | D:4      | Reached XP level 6. HP: 46/50 MP: 6/6
  2491 | D:4      | Noticed Duvessa
  2493 | D:4      | Noticed Dowan
  2498 | D:4      | Killed Duvessa
  2498 | D:4      | Reached skill level 1 in Maces & Flails
  2498 | D:4      | Gained mutation: You regenerate health from kills. [demonic ancestry]
  2498 | D:4      | Reached XP level 7. HP: 56/56 MP: 7/7
  2519 | D:4      | Killed Dowan
  2862 | D:4      | Noticed Robin
  2879 | D:4      | Killed Robin
  2881 | D:4      | Reached skill level 5 in Fighting
  3201 | D:4      | Found Voschuppe's Assorted Antiques.
  3224 | D:4      | Noticed Edmund
  3242 | D:4      | Killed Edmund
  3242 | D:4      | Reached skill level 1 in Short Blades
  3584 | D:5      | Entered Level 5 of the Dungeon
  3822 | D:5      | Reached **** piety under Trog
  3822 | D:5      | Reached skill level 5 in Armour
  3828 | D:5      | Gained mutation: You have a pair of horns on your head. [demonic ancestry]
  3828 | D:5      | Reached XP level 8. HP: 64/64 MP: 8/8
  3940 | D:5      | Noticed an air elemental
  3941 | D:5      | Found a stormy altar of Qazlal.
  4113 | D:5      | Found a deep blue altar of Sif Muna.
  4564 | D:6      | Found Jeom's General Store.
  4676 | D:6      | Reached skill level 1 in Shields
  4714 | D:6      | Reached skill level 6 in Fighting
  5025 | D:6      | Reached XP level 9. HP: 72/72 MP: 9/9
  6036 | D:7      | Found a staircase to the Ecumenical Temple.
  6229 | D:7      | Found Rawnatusk's Armour Shop.
  6296 | D:7      | Bought a +0 pair of gloves of dexterity for 161 gold pieces
  6735 | D:7      | Found a blossoming altar of Fedhas.
  6839 | D:8      | Noticed doot's ghost (novice DsAK)
  6871 | D:8      | Killed doot's ghost
  6871 | D:8      | Reached skill level 7 in Fighting
  6871 | D:8      | Reached skill level 5 in Short Blades
  6886 | D:8      | Noticed an efreet
  7167 | D:8      | Killed an efreet
  7168 | D:8      | Reached XP level 10. HP: 81/81 MP: 7/10
  7425 | D:8      | Found a staircase to the Lair.
  7426 | D:8      | Noticed a two-headed ogre
  7449 | D:8      | Reached skill level 5 in Shields
  7465 | D:8      | Killed a two-headed ogre
  7465 | D:8      | Reached skill level 5 in Long Blades
  8011 | D:8      | Found a shimmering altar of Xom.
  8011 | D:8      | Found a burning altar of Makhleb.
  8019 | D:8      | Reached skill level 8 in Fighting
  8239 | D:9      | Noticed a cyclops
  8254 | D:9      | Killed a cyclops
  8283 | D:9      | Reached ***** piety under Trog
  8395 | D:9      | Noticed a centaur warrior
  8405 | D:9      | Killed a centaur warrior
  8491 | D:9      | Gained mutation: You have a pair of large horns on your head. [demonic ancestry]
  8491 | D:9      | Reached XP level 11. HP: 79/89 MP: 8/11
  8491 | D:9      | Reached skill level 5 in Dodging
  8978 | D:10     | Entered Level 10 of the Dungeon
  9047 | D:10     | Noticed a six-headed hydra
  9056 | D:10     | Killed a one-headed hydra
  9838 | D:10     | Found a staircase to the Orcish Mines.
  9919 | D:10     | Reached skill level 9 in Fighting
 11154 | D:11     | Received a gift from Trog
 11808 | Orc:1    | Entered Level 1 of the Orcish Mines
 11808 | Orc:1    | Noticed an orc high priest
 11860 | Orc:1    | Killed an orc high priest
 11913 | Orc:1    | Noticed Nergalle
 12098 | Orc:1    | Killed Nergalle
 12100 | Orc:1    | Received a gift from Trog
 12302 | Orc:1    | Noticed Erolcha
 12428 | Orc:1    | Killed Erolcha
 12428 | Orc:1    | Reached XP level 12. HP: 71/99 MP: 9/12
 12438 | Orc:1    | Found a shimmering altar of Xom.
 12510 | Orc:1    | Noticed Erica
 12518 | Orc:1    | Killed Erica
 12874 | Orc:2    | Entered Level 2 of the Orcish Mines
 12889 | Orc:2    | Reached skill level 10 in Fighting
 13064 | Orc:2    | Found Piereo's Antique Weapon Boutique.
 13064 | Orc:2    | Found Ihauv's Book Emporium.
 13064 | Orc:2    | Noticed a two-headed ogre
 13064 | Orc:2    | Noticed a two-headed ogre
 13064 | Orc:2    | Noticed a two-headed ogre
 13064 | Orc:2    | Noticed a two-headed ogre
 13064 | Orc:2    | Noticed a two-headed ogre
 13064 | Orc:2    | Noticed an ogre mage
 13064 | Orc:2    | Noticed an ogre mage
 13064 | Orc:2    | Noticed a two-headed ogre
 13064 | Orc:2    | Noticed a two-headed ogre
 13065 | Orc:2    | Noticed a two-headed ogre
 13066 | Orc:2    | Noticed an ogre mage
 13066 | Orc:2    | Noticed an ogre mage
 13066 | Orc:2    | HP: 3/99 [ogre/giant club (4)]
 13066 | Orc:2    | Demolished by a two-headed ogre

Skill      XL: |  1  2  3  4  5  6  7  8  9 10 11 12 |
---------------+-------------------------------------+-----
Armour         | 2 3 4 5 6 7 8 9 |  9.1
Dodging        | 2 3 4 5 |  5.3
Long Blades    | 3 4 6 8 |  8.8
Fighting       | 4 5 6 7 8 9 10 | 10.0
Maces & Flails | 1 |  1.8
Short Blades   | 2 4 5 |  5.3
Shields        | 2 4 6 7 8 |  8.2
Stealth        | |  0.6

Action                   |  1- 3 |  4- 6 |  7- 9 | 10-12 || total
-------------------------+-------+-------+-------+-------++-------
Melee: Falchion          |    73 |    49 |       |       ||   122
       Headbutt          |     2 |    14 |   155 |   153 ||   324
       Mace              |       |    19 |    31 |       ||    50
       Unarmed           |       |     1 |       |       ||     1
       Short sword       |       |       |   636 |     6 ||   642
       Scimitar          |       |       |       |   510 ||   510
Invok: Berserk           |     4 |     6 |    10 |    13 ||    33
       Burn Spellbooks   |       |     1 |     1 |     1 ||     3
       Trog's Hand       |       |       |     1 |       ||     1
       Brothers in Arms  |       |       |       |     1 ||     1
  Use: Scroll            |       |     5 |     6 |     8 ||    19
       Potion            |       |       |       |     2 ||     2
  Eat: Chunk             |     3 |     7 |    21 |    30 ||    61
       Ration            |       |     1 |     4 |     2 ||     7
Armor: Scale mail        |    47 |    28 |       |       ||    75
       Animal skin       |     4 |       |       |       ||     4
       Chain mail        |       |     1 |    79 |       ||    80
       Ring mail         |       |       |   220 |    91 ||   311
       Plate armour      |       |       |       |   108 ||   108
Dodge: Dodged            |    76 |    34 |   294 |   183 ||   587
Block: Shield            |       |       |   196 |   314 ||   510
       Rpst.: Falchion   |    32 |    10 |       |       ||    42
       Scimitar          |       |       |       |    47 ||    47
